 Dungeon Crawl Stone Soup version 0.30-a0-862-g1aabd4f9c5 (webtiles) character file.

Game seed: 8009688212723826001

2 cheesebisquit the Vexing (level 1, -3/12 HPs)
             Began as a Kobold Hexslinger on Mar 8, 2023.
             Killed by nerve-wracking pain
             ... invoked by Jessica
              (6 damage)
             ... on level 2 of the Dungeon.
             The game lasted 00:02:04 (191 turns).

cheesebisquit the Vexing (Kobold Hexslinger)         Turns: 191, Time: 00:02:05

Health: -3/12      AC:  2    Str:  7    XL:     1   Next: 33%
Magic:  1/2        EV: 15    Int: 14    God:
Gold:   46         SH:  0    Dex: 15    Spells: 1/2 levels left

rFire   . . .      SeeInvis .    a - +1 sling
rCold   . . .      Faith    .    (no shield)
rNeg    . . .      Spirit   .    c - +0 robe
rPois   .          Reflect  .    (no helmet)
rElec   .          Rampage  .    (no cloak)
rCorr   .                        (no gloves)
Will    .....                    (no boots)
Stlth   ++                       (no amulet)
HPRegen 0.22/turn                (no ring)
MPRegen 0.08/turn                (no ring)

@: slowed, very slow
A: small, no large weapons, nightstalker 3
a: no special abilities


You were on level 2 of the Dungeon.
You visited 1 branch of the dungeon, and saw 2 of its levels.

You collected 46 gold pieces.

Inventory:

Hand Weapons
 a - a +1 sling (weapon)
Armour
 c - a +0 robe (worn)
Scrolls
 b - a scroll of poison
 d - 2 scrolls of silence {unknown}


   Skills:
 - Level 1.1 Fighting
 - Level 2.6 Ranged Weapons
 - Level 2.4 Dodging
 + Level 1.2 Spellcasting
 + Level 3.0 Hexes


You had one spell level left.
You knew the following spells:

 Your Spells              Type           Power      Damage    Failure   Level
a - Slow                  Hex            36%        N/A       8%          1

Your spell library contained the following spells:

 Spells                   Type           Power      Damage    Failure   Level
 Inner Flame              Hex/Fire       5%         N/A       38%         3
 Portal Projectile        Hex/Tloc       10%        N/A       38%         3
 Cause Fear               Hex            4%         N/A       58%         4


Dungeon Overview and Level Annotations

Branches:
Dungeon (1/15)

Altars:

Annotations:
D:2 Jessica


Innate Abilities, Weirdness & Mutations

You are small and have problems with some larger weapons.
You are completely attuned to the shadows.


Message History

Jessica blinks!
Your magical contamination has completely faded away.
Jessica looks very angry.
Jessica casts a spell at you. You resist with significant effort.
Jessica attacks as you move away!
Jessica hits you with a +1 spectral club.
Jessica closely misses you. Jessica closely misses you.
Jessica completely misses you. Jessica barely misses you.
Jessica hits you with a +1 spectral club.
Ouch! That really hurt!
* * * LOW HITPOINT WARNING * * *
Jessica closely misses you. Jessica attacks as you move away!
Jessica misses you. Jessica completely misses you.
Jessica is no longer moving quickly.
Jessica shouts, "You're disturbing me!
I'll have to kill you!" Jessica attacks as you move away! Jessica misses you.
You are too injured to fight recklessly!
Jessica attacks as you move away! Jessica barely misses you.
Jessica casts a spell at you.
You feel yourself slow down.
You are too injured to fight recklessly!
You are too injured to fight recklessly!
Jessica attacks as you move away! Jessica misses you.
Fire: a) +1 sling
Press: ? - help, Shift-Dir - straight line, f/p - Jessica
Aim: Jessica, wielding a +1 spectral club and wearing a +0 robe (57% to hit)
Aiming: Slow (safe; 8% risk of failure)
Press: ? - help, Q - select action, (/) - cycle Shift-Dir - straight line, f/p - Jessica
Aim: Jessica, wielding a +1 spectral club and wearing a +0 robe (chance to affect: 51%) Jessica seems to slow down.
Jessica hits you with a +1 spectral club.
* * * LOW HITPOINT WARNING * * *
Found a metallic pink potion.
Jessica gestures at you while chanting. Pain shoots through your body!
Ouch! That really hurt!
You die...

..##.####.##...####
......†...##...#
.###'#######...#
#...# ##.## #.....#
#.## #.......#
#..## .........
##..@#####
...........
###...@....
#........ #........
#........ ......!..


You could see Jessica (slow).

Vanquished Creatures
  A ball python (D:2)
  A frilled lizard (D:2)
2 creatures vanquished.

Notes
Turn   | Place    | Note
-------+----------+-------------------------------------------
     0 | D:1      | cheesebisquit the Kobold Hexslinger began the quest for the
                  | Orb.
     0 | D:1      | Reached XP level 1. HP: 12/12 MP: 2/2
    46 | D:1      | You fall into a shaft and drop 1 floor!
   125 | D:2      | Noticed Jessica
   191 | D:2      | Killed from afar by Jessica

Illustrated notes

Levels and vault maps discovered:
D:1:      matt_arrival_los_fun, layout_basic, chequers_serial_rivers_small_3,
          item_on_display_a
D:2:      layout_loops_corners, minmay_misc_feat_columns,
          minmay_misc_feat_alley, uniq_jessica

Action                     || total
---------------------------++-------
   Fire: Sling             ||    11
   Cast: Slow              ||     7
 Armour: Robe              ||     1
  Dodge: Dodged            ||    16

Table legend: (Time is in decaauts)
 A = Elapsed time spent in this place.
 B = Non-inter-level travel time spent in this place.
 C = Inter-level travel time spent in this place.
 D = Time resting spent in this place.
 E = Time spent auto-exploring this place.
 F = Levels seen in this place.
 G = Mean time per level.
                   A        B        C        D        E       F      G
               +--------+--------+--------+--------+--------+-----+--------+
         Total |    195 |    195 |      0 |      0 |     94 |   2 |   97.5 |
       Dungeon |    195 |    195 |      0 |      0 |     94 |   2 |   97.5 |
               +--------+--------+--------+--------+--------+-----+--------+

Top non-repeatable levels by time:
     D:2: 149 daAuts
     D:1: 46 daAuts
